[Event "Team 45 45 League T63"]
[Site "Internet Chess Club"]
[Date "2014.12.13"]
[Round "3"]
[White "JeffH"]
[Black "kidcobra"]
[Result "0-1"]
[WhiteElo "1722"]
[BlackElo "1767"]
[Opening "Ruy Lopez: Schliemann defense"]
[ECO "C63"]
[Time "19:00:31"]
[TimeControl "2700+45"]

1. e4 e5 2. Nf3 Nc6 3. Bb5 f5 4. d3 fxe4 5. dxe4 Nf6 6. O-O d6 7. Re1 Be7 8. h3
Bd7 9. Nc3 a6 10. Bc4 Na5 11. Be2 O-O 12. Nd5 c5 13. Bg5 Be6 14. Nxf6+ Bxf6 15.
Bxf6 Rxf6 16. Ng5 Qe7 17. Nxe6 Qxe6 18. b3 b5 19. Qd2 Nc6 20. Bg4 Qf7 21. Rf1
Rf4 22. Qxd6 Rf6 23. Qxc5 h5 24. Bd1 Qg6 25. f3 Rd8 26. Be2 Nd4 27. Rae1 Rc6 28.
Qxe5 Rxc2 29. Bd1 Qxg2# {White checkmated} 0-1

[Event "Team 45 45 League T63"]
[Site "Internet Chess Club"]
[Date "2014.12.14"]
[Round "3"]
[White "chesskix"]
[Black "okieman888"]
[Result "0-1"]
[WhiteElo "1445"]
[BlackElo "1548"]
[Opening "English: Neo-Catalan"]
[ECO "A13"]
[Time "16:03:33"]
[TimeControl "2700+45"]

1. c4 e6 2. Nf3 Nf6 3. g3 d5 4. cxd5 exd5 5. Bg2 c6 6. O-O Bd6 7. d3 O-O 8. Nc3
Bf5 9. Nh4 Bg4 10. f3 Qb6+ 11. d4 Be6 12. b3 Nbd7 13. f4 Bg4 14. Nf3 Ne4 15.
Nxe4 dxe4 16. Ng5 f5 17. Be3 Nf6 18. Qc2 Nd5 19. Bf2 e3 20. Be1 Qxd4 21. Rc1 Nb4
22. Bxb4 Qxb4 23. Qc4+ Qxc4 24. Rxc4 Bxe2 25. Rd4 Bxf1 26. Bxf1 Bc5 27. Bc4+ Kh8
28. Rd7 e2+ 29. Kg2 e1=Q {White resigns} 0-1

[Event "Team 45 45 League T63"]
[Site "Internet Chess Club"]
[Date "2014.12.14"]
[Round "3"]
[White "stantheman59"]
[Black "KidRattler"]
[Result "1/2-1/2"]
[WhiteElo "1213"]
[BlackElo "1482"]
[Opening "Sicilian defense"]
[ECO "B30"]
[Time "19:00:06"]
[TimeControl "2700+45"]

1. e4 c5 2. Nf3 Nc6 3. c3 d6 4. d4 cxd4 5. cxd4 Nf6 6. Nc3 a6 7. a3 e6 8. b4 Be7
9. Be2 e5 10. dxe5 Nxe5 11. O-O Be6 12. Bb2 Nxf3+ 13. Bxf3 Rb8 14. e5 dxe5 15.
Qxd8+ Bxd8 16. Rfe1 O-O 17. Rxe5 b5 18. a4 bxa4 19. Rxa4 Be7 20. Ba3 Bd6 21. Re1
Bd7 22. Rxa6 Bxb4 23. Bxb4 Rxb4 24. Ra7 Be6 25. h3 h6 26. Na4 Bd5 27. Bxd5 Nxd5
28. g3 Nb6 29. Nxb6 Rxb6 30. Ree7 Re6 31. Red7 Re1+ 32. Kg2 Ree8 33. g4 Rd8 34.
Re7 g6 35. h4 Rd4 36. Kg3 h5 37. gxh5 gxh5 38. f3 Rd6 39. Kf4 Rg6 40. Ra5 Re6
41. Rb7 Rf6+ 42. Rf5 Rxf5+ 43. Kxf5 Kg7 44. Kg5 Rh8 45. f4 {Game drawn by mutual
agreement} 1/2-1/2

[Event "Team 45 45 League T63"]
[Site "Internet Chess Club"]
[Date "2014.12.11"]
[Round "3"]
[White "qs16"]
[Black "Portola"]
[Result "1/2-1/2"]
[WhiteElo "1737"]
[BlackElo "1820"]
[Opening "Queen's bishop game"]
[ECO "D02"]
[Time "16:00:31"]
[TimeControl "2700+45"]

1. d4 d5 2. Nf3 Nf6 3. Bf4 Bf5 4. Nbd2 h6 5. e3 e6 6. Bd3 Bxd3 7. cxd3 c6 8. O-O
Nbd7 9. Re1 Nh5 10. Be5 Nhf6 11. h3 Be7 12. Bg3 O-O 13. Qb3 Qb6 14. Rac1 Rfc8
15. Rc2 Qxb3 16. Nxb3 a5 17. a3 Ne8 18. e4 dxe4 19. dxe4 Nef6 20. Ne5 Nxe5 21.
Bxe5 Nd7 22. Bf4 Bf6 23. Rd1 a4 24. Nc5 Nxc5 25. dxc5 e5 26. Be3 Rc7 27. Rcd2
Kf8 28. Kf1 Ke8 29. Ke2 Rd8 30. g3 g5 31. Rd6 Rxd6 32. Rxd6 Bg7 33. Kd3 Rc8 34.
Kc4 Ra8 35. Bd2 Ke7 36. Bc3 f6 37. f3 Bh8 38. Rd3 Bg7 39. Rd6 Bh8 40. Rd3 Bg7
{Game drawn by mutual agreement} 1/2-1/2

[Event "Team 45 45 League T63"]
[Site "Internet Chess Club"]
[Date "2014.12.13"]
[Round "3"]
[White "WillC"]
[Black "KnightOfLight"]
[Result "0-1"]
[WhiteElo "1735"]
[BlackElo "1729"]
[Opening "QGD: Chigorin defense"]
[ECO "D07"]
[Time "09:00:28"]
[TimeControl "2700+45"]

1. d4 d5 2. c4 Nc6 3. e3 e5 4. dxe5 d4 5. exd4 Qxd4 6. Nf3 Qxd1+ 7. Kxd1 Bg4 8.
Be2 O-O-O+ 9. Bd2 Bxf3 10. Bxf3 Nxe5 11. Be2 Bc5 12. Rf1 Nf6 13. Nc3 Rd7 14. Kc2
Rhd8 15. Bg5 h6 16. Bxf6 Rd2+ 17. Kb3 gxf6 18. f4 Nc6 19. Bg4+ Kb8 20. Ne4 R8d3+
21. Ka4 Rxb2 22. a3 b5+ 23. cxb5 Rd4# {White checkmated} 0-1

[Event "Team 45 45 League T63"]
[Site "Internet Chess Club"]
[Date "2014.12.15"]
[Round "3"]
[White "Lrn2Mate"]
[Black "rubo"]
[Result "0-1"]
[WhiteElo "1556"]
[BlackElo "1653"]
[Opening "Benkö gambit half accepted"]
[ECO "A57"]
[Time "19:00:27"]
[TimeControl "2700+45"]

1. d4 Nf6 2. c4 c5 3. d5 b5 4. cxb5 a6 5. b6 e6 6. Nc3 exd5 7. Nxd5 Nxd5 8. Qxd5
Nc6 9. e4 Be7 10. Bc4 O-O 11. Nf3 Rb8 12. Bf4 Rxb6 13. Rb1 Bb7 14. O-O Nd4 15.
Qh5 Bxe4 16. Ng5 Bg6 17. Qg4 d5 18. Be2 Bxb1 19. Rxb1 Nxe2+ 20. Qxe2 Bxg5 {White
resigns} 0-1

[Event "Team 45 45 League T63"]
[Site "Internet Chess Club"]
[Date "2014.12.14"]
[Round "3"]
[White "g8wrb"]
[Black "Sunny2002"]
[Result "0-1"]
[WhiteElo "1311"]
[BlackElo "1459"]
[Opening "Ruy Lopez: Schliemann defense"]
[ECO "C63"]
[Time "09:00:29"]
[TimeControl "2700+45"]

1. e4 e5 2. Nf3 Nc6 3. Bb5 f5 4. d3 fxe4 5. dxe4 Nf6 6. Qe2 Bc5 7. O-O d6 8. h3
O-O 9. c3 Qe8 10. Rd1 Qg6 11. Nbd2 Bxh3 12. Nh4 Qg3 13. Qf1 Ng4 14. Qc4+ Kh8
{White resigns} 0-1

[Event "Team 45 45 League T63"]
[Site "Internet Chess Club"]
[Date "2014.12.15"]
[Round "3"]
[White "anishio"]
[Black "Elalfer"]
[Result "1/2-1/2"]
[WhiteElo "1678"]
[BlackElo "1536"]
[Opening "Sicilian: accelerated fianchetto, modern variation"]
[ECO "B34"]
[Time "21:00:20"]
[TimeControl "2700+45"]

1. e4 c5 2. Nf3 Nc6 3. d4 cxd4 4. Nxd4 g6 5. Nc3 Bg7 6. Be3 Qb6 7. Nb3 Bxc3+ 8.
bxc3 Qc7 9. Qd2 Nf6 10. Bd3 O-O 11. Bh6 Rd8 12. f4 d5 13. e5 Ng4 14. Bg5 f6 15.
exf6 exf6 16. Bh4 Re8+ 17. Be2 Ne3 18. g3 Bg4 19. Kf2 Bxe2 20. Qxe2 Nf5 21. Qf3
Qb6+ {Game drawn by mutual agreement} 1/2-1/2

[Event "Team 45 45 League T63"]
[Site "Internet Chess Club"]
[Date "2014.12.13"]
[Round "3"]
[White "Berke"]
[Black "TacoCrafterHD"]
[Result "1-0"]
[WhiteElo "1546"]
[BlackElo "1495"]
[Opening "Giuoco Piano"]
[ECO "C54"]
[Time "12:26:50"]
[TimeControl "2700+45"]

1. e4 e5 2. Nf3 Nc6 3. Bc4 Bc5 4. c3 Nf6 5. d3 d6 6. Bb3 O-O 7. Bg5 h6 8. Bh4
Bg4 9. h3 Bh5 10. Nbd2 Nb8 11. Nf1 Nbd7 12. g4 Bg6 13. g5 hxg5 14. Bxg5 c6 15.
Bc2 Qb6 16. Qe2 Rfe8 17. b3 d5 18. Ng3 dxe4 19. dxe4 Nh7 20. h4 f6 21. Be3 Rad8
22. Bxc5 Qxc5 23. Qe3 Qxe3+ 24. fxe3 Nc5 25. h5 Bf7 26. Nf5 Nd3+ 27. Ke2 Nc5 28.
Rag1 Ne6 29. Nh6+ Kf8 30. Nxf7 Kxf7 31. Bd3 Nhg5 32. Nxg5+ Nxg5 33. Bc4+ Kf8 34.
h6 Rd7 35. h7 Nxh7 36. Rxh7 Red8 37. Rh8+ Ke7 38. Rxg7+ Kd6 39. Rxd8 Rxd8 40.
Rf7 b5 41. Bd3 Ke6 42. Rxa7 Rd6 43. c4 Rd8 44. cxb5 cxb5 45. Bxb5 Rh8 46. Bc4+
Kd6 47. a4 Rh2+ 48. Kd3 Rf2 49. Rf7 Kc5 50. a5 Ra2 51. a6 Kb4 52. a7 Ra5 53. Bd5
{Black resigns} 1-0

[Event "Team 45 45 League T63"]
[Site "Internet Chess Club"]
[Date "2014.12.13"]
[Round "3"]
[White "browndeer"]
[Black "QuimCatala"]
[Result "0-1"]
[WhiteElo "1532"]
[BlackElo "1399"]
[Opening "Sicilian: Pelikan (Lasker/Sveshnikov) variation"]
[ECO "B33"]
[Time "16:00:31"]
[TimeControl "2700+45"]

1. e4 c5 2. Nf3 Nc6 3. d4 cxd4 4. Nxd4 Nf6 5. Nc3 e5 6. Nb3 a6 7. Be2 d6 8. Be3
b5 9. a3 Be6 10. O-O d5 11. exd5 Bxd5 12. Bg5 Bxb3 13. cxb3 Nd4 14. b4 Qd6 15.
Bf3 Rd8 16. Re1 Be7 17. Bxf6 Qxf6 18. Nd5 Nxf3+ 19. gxf3 Qg5+ 20. Kh1 O-O 21.
Nxe7+ Qxe7 22. Qe2 f6 23. Rg1 Qb7 24. Qe3 Rd4 25. Rg2 Rf4 26. Rg3 Rd8 27. Rag1
g6 28. Rh3 Kg7 29. Rhg3 Rdd4 30. Rc1 Qd7 31. Kg2 Rd3 32. Qb6 Qf5 33. Qb7+ Rd7
34. Qxa6 h5 35. h3 h4 36. Rg4 Rxf3 37. Qb6 Rxh3 38. Kxh3 Rd3+ 39. Kh2 Qxg4 40.
Qb7+ Kh6 41. Rc3 Qf4+ 42. Kg1 Rd1+ 43. Kg2 Qg4+ 44. Kh2 Qg1+ 45. Kh3 Qxf2 46.
Qa8 Qf5+ 47. Kh2 Rd2+ {White resigns} 0-1

[Event "Team 45 45 League T63"]
[Site "Internet Chess Club"]
[Date "2014.12.14"]
[Round "3"]
[White "Tribe97"]
[Black "almond123"]
[Result "1-0"]
[WhiteElo "1486"]
[BlackElo "1494"]
[Opening "Giuoco Piano: LaBourdonnais variation"]
[ECO "C53"]
[Time "21:00:42"]
[TimeControl "2700+45"]

1. e4 e5 2. Nf3 Nc6 3. Bc4 Bc5 4. c3 d6 5. d4 exd4 6. cxd4 Bb6 7. Ng5 Be6 8. d5
Ne5 9. dxe6 fxe6 10. Bxe6 h6 11. Bxg8 Rxg8 12. Nf3 Nxf3+ 13. Qxf3 Rf8 14. Qh5+
Kd7 15. Qg4+ Ke8 16. Qe6+ Qe7 17. Qxe7+ Kxe7 18. f3 Ba5+ 19. Bd2 Bb6 20. Ke2 Kd7
21. Nc3 c6 22. Rac1 Rae8 23. Be3 Bxe3 24. Kxe3 d5 25. Kd4 Rf4 26. Rhe1 Kd6 27.
Ke3 g5 28. g3 Rff8 29. Kf2 g4 30. f4 dxe4 31. Nxe4+ Kc7 32. Nc5 Rg8 33. Rxe8
Rxe8 34. Re1 Rb8 35. Re7+ Kb6 36. Nd7+ Kc7 37. Nxb8+ Kxb8 38. f5 Kc8 39. f6 Kd8
40. Rxb7 Ke8 41. Rxa7 Kf8 42. Ke3 c5 43. Ke4 Ke8 44. Ke5 h5 45. Ke6 Kf8 46. Ra8#
{Black checkmated} 1-0

[Event "Team 45 45 League T63"]
[Site "Internet Chess Club"]
[Date "2014.12.13"]
[Round "3"]
[White "Tjet"]
[Black "viktory"]
[Result "1-0"]
[WhiteElo "1609"]
[BlackElo "1555"]
[Opening "English: Caro-Kann defensive system"]
[ECO "A11"]
[Time "16:00:38"]
[TimeControl "2700+45"]

1. c4 c6 2. Nc3 Nf6 3. Nf3 d5 4. cxd5 cxd5 5. g3 Nc6 6. d4 Bf5 7. Bg2 e6 8. Bg5
h6 9. Bxf6 Qxf6 10. O-O Bg4 11. h3 Bxf3 12. exf3 Nxd4 13. Qa4+ Nc6 14. f4 Bc5
15. Qb5 Bb6 16. Bxd5 exd5 17. Nxd5 Qd8 18. Rfe1+ Kf8 19. Rad1 Nd4 20. Qb4+ Kg8
21. Rxd4 Bxd4 22. Qxd4 Qa5 23. Qe5 Kh7 24. Nf6+ gxf6 25. Qxa5 Kg6 26. Qd5 b6 27.
Re7 Rhf8 28. Qe4+ Kg7 29. g4 Rac8 30. Kg2 Rfd8 31. Qb7 Rf8 32. Rxf7+ Rxf7 33.
Qxc8 b5 34. f5 Kh7 35. Qe8 Rg7 36. Qxb5 h5 37. f3 h4 38. Qa6 Rg8 39. Qxf6 a6 40.
Qxh4+ Kg7 41. Qg5+ Kh7 42. Qxg8+ Kxg8 43. g5 a5 44. f6 a4 45. g6 a3 46. bxa3 Kf8
47. h4 Kg8 48. h5 Kf8 49. h6 Kg8 50. Kg3 Kh8 51. a4 Kg8 52. a5 Kh8 53. a6 Kg8
54. a7 Kh8 55. a8=Q# {Black checkmated} 1-0

[Event "Team 45 45 League T63"]
[Site "Internet Chess Club"]
[Date "2014.12.14"]
[Round "3"]
[White "moodle"]
[Black "BrianWood"]
[Result "1-0"]
[WhiteElo "1755"]
[BlackElo "1481"]
[Opening "French: advance, Paulsen attack"]
[ECO "C02"]
[Time "18:00:23"]
[TimeControl "2700+45"]

1. e4 e6 2. d4 d5 3. e5 c5 4. c3 Nc6 5. Nf3 Qb6 6. a3 Bd7 7. b4 cxd4 8. cxd4
Nge7 9. Be2 Ng6 10. Nc3 Be7 11. O-O O-O 12. Be3 f6 13. exf6 Bxf6 14. Na4 Qd8 15.
Nc5 Bc8 16. Bb5 e5 17. Bxc6 bxc6 18. dxe5 Nxe5 19. Nd4 Ng4 20. Nce6 Qd6 21. Bf4
Be5 22. Bxe5 Qxe5 23. Qxg4 Rf7 24. Rfe1 Qf6 25. f3 Bxe6 26. Rxe6 Qf4 27. Qxf4
Rxf4 28. Nxc6 Rf6 29. Rxf6 gxf6 30. Rd1 {Black resigns} 1-0

[Event "Team 45 45 League T63"]
[Site "Internet Chess Club"]
[Date "2014.12.15"]
[Round "3"]
[White "chessman64"]
[Black "ethan0627"]
[Result "1-0"]
[WhiteElo "1446"]
[BlackElo "1417"]
[Opening "Sicilian defense"]
[ECO "B30"]
[Time "16:04:35"]
[TimeControl "2700+45"]

1. e4 c5 2. Nf3 Nc6 3. Bc4 e5 4. c3 Nf6 5. d3 Be7 6. Bg5 O-O 7. O-O h6 8. Bxf6
Bxf6 9. Nbd2 Re8 10. Re1 b6 11. Nb3 Bb7 12. Rc1 Qc7 13. Rc2 Ne7 14. d4 exd4 15.
cxd4 cxd4 16. Bxf7+ Kxf7 17. Rxc7 Bc6 18. Nbxd4 {Black resigns} 1-0

[Event "Team 45 45 League T63"]
[Site "Internet Chess Club"]
[Date "2014.12.12"]
[Round "3"]
[White "karthikkallam"]
[Black "KingOfClubs"]
[Result "0-1"]
[WhiteElo "1276"]
[BlackElo "1365"]
[Opening "Sicilian: closed"]
[ECO "B23"]
[Time "17:00:37"]
[TimeControl "2700+45"]

1. e4 c5 2. Nc3 g6 3. Bc4 Bg7 4. Nf3 Nc6 5. d3 d6 6. O-O e6 7. Bg5 Nge7 8. Bb5
Bd7 9. Bf4 Ne5 10. Bxd7+ Qxd7 11. d4 cxd4 12. Nxd4 N5c6 13. Nxc6 bxc6 14. Qxd6
Qxd6 15. Bxd6 Bxc3 16. bxc3 Nc8 17. Be5 O-O 18. Rfd1 Nb6 19. Bd6 Rfe8 20. Bc5
Na4 21. Bb4 c5 22. Ba5 Nb2 23. Rd7 Nc4 24. Bc7 Nb6 25. Bxb6 axb6 26. Rb7 Rab8
27. Rxb8 Rxb8 28. f3 f6 29. f4 Kf7 30. g4 Ke7 31. Rb1 Kd6 32. Kf2 Kc6 33. h4 Ra8
34. Rb2 Ra3 35. c4 Rc3 36. e5 fxe5 37. fxe5 Rxc4 38. Kf3 Rc3+ 39. Kf4 h6 40. Ke4
Rc4+ 41. Kf3 Kd5 42. Rxb6 Rxc2 43. Ra6 Kxe5 44. Ra4 c4 45. Ra5+ Kf6 46. g5+ hxg5
47. hxg5+ Ke7 48. Kf4 Rf2+ 49. Kg4 Rf5 50. Ra4 Rc5 51. Ra7+ Kd6 52. Ra6+ Rc6 53.
Ra5 c3 54. Ra8 c2 55. Rd8+ Ke5 56. Rd2 c1=Q 57. Re2+ Kd6 {White resigns} 0-1

[Event "Team 45 45 League T63"]
[Site "Internet Chess Club"]
[Date "2014.12.15"]
[Round "3"]
[White "clarinetref"]
[Black "ChessMaine"]
[Result "1/2-1/2"]
[WhiteElo "1624"]
[BlackElo "1507"]
[Opening "Réti: Nimzovich-Larsen attack"]
[ECO "A06"]
[Time "20:39:37"]
[TimeControl "2700+45"]

1. Nf3 d5 2. b3 Nf6 3. Bb2 e6 4. g3 Be7 5. Bg2 O-O 6. O-O c5 7. e3 Nc6 8. d4
cxd4 9. Nxd4 Nxd4 10. Bxd4 b6 11. Nd2 Ba6 12. Re1 Rc8 13. Bb2 Bb4 14. a3 Bc3 15.
Bxc3 Rxc3 16. Bf1 Bxf1 17. Rxf1 Qc7 18. Ra2 Rc8 19. Nf3 Rxc2 20. Rxc2 Qxc2 21.
Qxc2 Rxc2 22. Nd4 Rc8 23. Nb5 a6 24. Nd4 Ne4 25. f3 Nc3 26. Kg2 Nb5 27. Nxb5
axb5 28. Rb1 Rc2+ 29. Kh3 {Game drawn by mutual agreement} 1/2-1/2

[Event "Team 45 45 League T63"]
[Site "Internet Chess Club"]
[Date "2014.12.12"]
[Round "3"]
[White "Hal2001"]
[Black "PostMike"]
[Result "1/2-1/2"]
[WhiteElo "1543"]
[BlackElo "1438"]
[Opening "Sicilian: closed"]
[ECO "B23"]
[Time "14:33:29"]
[TimeControl "2700+45"]

1. e4 c5 2. Nc3 e6 3. f4 d5 4. Bb5+ Nc6 5. Nf3 Ne7 6. O-O a6 7. Bxc6+ Nxc6 8. e5
b5 9. d3 Be7 10. Qe1 O-O 11. a3 f5 12. Ne2 h6 13. Qg3 Kh7 14. Bd2 Bb7 15. d4
cxd4 16. Nexd4 Bc5 17. Be3 Nxd4 18. Bxd4 Be7 19. Qf2 Rc8 20. Rac1 b4 21. axb4
Bxb4 22. c3 Be7 23. Ra1 Qc7 24. Kh1 Qc4 25. Qe3 Bc6 26. Nd2 Qb5 27. Ra2 Qb7 28.
b4 Bb5 29. Rfa1 Rc6 30. Ra3 Rfc8 31. Nb3 Bd8 32. Nc5 Qa8 33. Qh3 Bb6 34. g4 Bxc5
35. bxc5 g6 36. gxf5 exf5 37. Qg2 Bc4 38. Ra4 Rb8 39. Rb4 Rcc8 40. Rab1 Bb5 41.
h4 Rg8 42. Kh2 Qc6 43. Ra1 Qe6 44. Qh3 Kg7 45. Qg3 {Game drawn by mutual
agreement} 1/2-1/2

[Event "Team 45 45 League T63"]
[Site "Internet Chess Club"]
[Date "2014.12.15"]
[Round "3"]
[White "KidRattler"]
[Black "PaulRichard"]
[Result "1/2-1/2"]
[WhiteElo "1484"]
[BlackElo "1521"]
[Opening "Sicilian defense"]
[ECO "B30"]
[Time "18:57:10"]
[TimeControl "2700+45"]

1. e4 c5 2. Nf3 Nc6 3. c3 d5 4. exd5 Qxd5 5. d3 Bg4 6. Be2 e6 7. O-O Nf6 8. h3
Bh5 9. Bf4 Be7 10. Qb3 Qxb3 11. axb3 O-O 12. Nbd2 Rfd8 13. Ne4 Nxe4 14. dxe4 e5
15. Be3 f6 16. Rfd1 Bf7 17. Rxd8+ Rxd8 18. Bc4 a6 19. Bxf7+ Kxf7 20. Kf1 Rd3 21.
Ke2 Rd7 22. Rd1 Rxd1 23. Kxd1 Na5 24. Kc2 b5 25. Nd2 {Game drawn by mutual
agreement} 1/2-1/2

[Event "Team 45 45 League T63"]
[Site "Internet Chess Club"]
[Date "2014.12.14"]
[Round "3"]
[White "seattleblues"]
[Black "medsurg"]
[Result "0-1"]
[WhiteElo "1380"]
[BlackElo "1405"]
[Opening "QGD semi-Slav"]
[ECO "D43"]
[Time "22:00:45"]
[TimeControl "2700+45"]

1. d4 d5 2. Nf3 Nf6 3. c4 e6 4. Nc3 c6 5. Bf4 Nbd7 6. e3 b6 7. Bd3 Bb7 8. O-O
dxc4 9. Bxc4 b5 10. Bb3 b4 11. Na4 c5 12. Rc1 Rc8 13. Bc2 Be7 14. b3 O-O 15. Nb2
Nb6 16. Re1 Nbd5 17. Be5 Nc3 18. Qd2 Be4 19. Bxf6 Bxf6 20. Bxe4 Nxe4 21. Qd3 Qd5
22. Nc4 Nc3 23. e4 Qh5 24. e5 Be7 25. Rc2 cxd4 26. Qxd4 Bc5 27. Qh4 Qxh4 28.
Nxh4 Rfd8 29. Nd2 g5 30. Nhf3 g4 31. Ng5 h6 32. Nge4 f5 33. exf6 Kf7 34. Nxc5
Rxc5 35. g3 Ne2+ 36. Rxe2 Rxc2 37. Re4 Rdxd2 {White resigns} 0-1

[Event "Team 45 45 League T63"]
[Site "Internet Chess Club"]
[Date "2014.12.12"]
[Round "3"]
[White "GregoryViking"]
[Black "Gilguli"]
[Result "1-0"]
[WhiteElo "1591"]
[BlackElo "1462"]
[Opening "Sicilian: Najdorf"]
[ECO "B90"]
[Time "16:04:08"]
[TimeControl "2700+45"]

1. e4 c5 2. Nf3 d6 3. d4 cxd4 4. Nxd4 Nf6 5. Nc3 a6 6. a4 e5 7. Nf5 Nxe4 8.
Nxg7+ Bxg7 9. Nxe4 d5 10. Ng3 Nc6 11. Be2 Nd4 12. Bh5 Qc7 13. c3 Nf5 14. Nxf5
Bxf5 15. Qxd5 Be6 16. Qe4 O-O-O 17. O-O f5 18. Qc2 Rd4 19. Bg5 h6 20. cxd4 Qxc2
21. Rac1 Qxc1 22. Rxc1+ Kb8 23. Bd2 exd4 24. Bf4+ Ka8 25. Rc7 Bf6 26. Bf3 Bg5
27. Rxb7 Bxf4 28. Rh7+ Kb8 29. Rxh8+ Kc7 30. g3 Bc1 31. Be2 Bb3 32. Bxa6 Kb6 33.
Bd3 Ka5 34. Ra8+ Kb4 35. Rb8+ Kxa4 36. Bxf5 Bxb2 37. Bd3 Bc3 38. f4 Ka3 39. f5
Kb2 40. Kf2 Bd2 41. f6 Kc3 42. Bg6 Be3+ 43. Kf3 Bd5+ 44. Be4 Bxe4+ 45. Kxe4 Bg5
46. f7 Be7 47. Rc8+ {Black resigns} 1-0

[Event "Team 45 45 League T63"]
[Site "Internet Chess Club"]
[Date "2014.12.14"]
[Round "3"]
[White "houseofcook"]
[Black "BotanicalKnight"]
[Result "1/2-1/2"]
[WhiteElo "1478"]
[BlackElo "1542"]
[Opening "Caro-Kann: exchange variation"]
[ECO "B13"]
[Time "13:06:32"]
[TimeControl "2700+45"]

1. e4 c6 2. d4 d5 3. exd5 cxd5 4. Bd3 Nc6 5. c3 Qc7 6. Ne2 Bg4 7. f3 Bd7 8. Bf4
e5 9. dxe5 Nxe5 10. Bc2 Bd6 11. Ba4 Bc6 12. O-O Ne7 13. Nd4 O-O 14. Nd2 N7g6 15.
Bg3 Rfe8 16. Bc2 Nc4 17. Bxd6 Qxd6 18. Nxc4 dxc4 19. Re1 Re5 20. Rxe5 Nxe5 21.
Qd2 Qc5 22. Re1 Re8 23. Qf2 Ng6 24. Rxe8+ Bxe8 25. Qe2 Bc6 {Game drawn by mutual
agreement} 1/2-1/2

[Event "Team 45 45 League T63"]
[Site "Internet Chess Club"]
[Date "2014.12.14"]
[Round "3"]
[White "Just-Jim"]
[Black "pmxpp"]
[Result "0-1"]
[WhiteElo "1280"]
[BlackElo "1312"]
[Opening "Queen's pawn game"]
[ECO "D00"]
[Time "15:03:38"]
[TimeControl "2700+45"]

1. d4 d5 2. f4 Nf6 3. Nf3 g6 4. e3 Bg7 5. c3 O-O 6. Bd3 b6 7. O-O c5 8. Bb5 Bb7
9. Bd3 Nbd7 10. Ne5 Ne4 11. Bxe4 dxe4 12. Qg4 f5 13. Qe2 Nf6 14. dxc5 bxc5 15.
Qb5 Qb6 16. Qxb6 axb6 17. Rd1 Rfd8 18. Bd2 Nd5 19. Na3 Bxe5 20. fxe5 Kf7 21. c4
Nc7 22. Kf2 Ke6 23. Bc3 Bc6 24. Kg3 Na6 25. Rxd8 Rxd8 26. Nb5 Bxb5 27. cxb5 Nc7
28. a4 Rd3 29. Kf4 Nd5+ 30. Kg5 Nxc3 31. bxc3 Rxc3 32. a5 bxa5 33. Rxa5 Rb3 34.
Ra6+ Kxe5 35. b6 c4 36. Ra5+ Kd6 37. Ra6 Kc6 38. g4 fxg4 39. Kxg4 Rxb6 40. Ra4
Kb5 41. Ra1 Rc6 42. Kf4 Re6 43. Rb1+ Kc5 44. Rc1 Kb4 45. Kg5 c3 46. Rb1+ Kc4 47.
Rc1 Kd3 48. Rd1+ Kxe3 49. Kh6 c2 50. Rc1 Kd2 51. Rxc2+ Kxc2 52. Kxh7 e3 53. Kg7
e2 54. Kf7 Re4 55. Kxg6 e1=Q {White resigns} 0-1

[Event "Team 45 45 League T63"]
[Site "Internet Chess Club"]
[Date "2014.12.14"]
[Round "3"]
[White "semperfi"]
[Black "kingsrook"]
[Result "1-0"]
[WhiteElo "1385"]
[BlackElo "1320"]
[Opening "Queen's pawn game"]
[ECO "D05"]
[Time "17:00:21"]
[TimeControl "2700+45"]

1. d4 d5 2. Nf3 e6 3. e3 Nf6 4. Bd3 Be7 5. b3 O-O 6. Bb2 a5 7. Nbd2 a4 8. O-O
Nc6 9. a3 Bd6 10. b4 e5 11. dxe5 Nxe5 12. Nxe5 Re8 13. Nef3 Ne4 14. c4 c6 15.
cxd5 cxd5 16. Bb5 Bd7 17. Bxd7 Qxd7 18. Qc2 Rac8 19. Qd3 Bc7 20. Nxe4 Rxe4 21.
Ng5 Rh4 22. Nf3 Rh5 23. Qd4 f6 24. Qd3 Re8 25. Rac1 b6 26. Qc3 Rc8 27. Kh1 Rf5
28. Qc6 {Black forfeits on time} 1-0

[Event "Team 45 45 League T63"]
[Site "Internet Chess Club"]
[Date "2014.12.14"]
[Round "3"]
[White "Aquaman"]
[Black "smsxman"]
[Result "0-1"]
[WhiteElo "1349"]
[BlackElo "1424"]
[Opening "Blackmar gambit"]
[ECO "D00"]
[Time "14:01:36"]
[TimeControl "2700+45"]

1. d4 d5 2. e4 Nc6 3. e5 e6 4. Nf3 Bd7 5. Bd2 f6 6. c3 fxe5 7. dxe5 h6 8. Bd3
Nge7 9. O-O Nf5 10. h3 Bc5 11. b4 Bb6 12. a4 a5 13. b5 Na7 14. Ne1 O-O 15. Qg4
Qh4 16. Qxh4 Nxh4 17. g3 Nf5 18. Kg2 c6 19. Na3 Rf7 20. Rb1 Raf8 21. Be2 Bc5 22.
Nac2 Nh4+ 23. gxh4 Rxf2+ 24. Rxf2 Rxf2+ 25. Kg3 Rxe2 26. Nd3 Be7 27. Rd1 cxb5
28. Nd4 Re4 29. Nf3 Rxa4 30. Nd4 b4 31. cxb4 axb4 32. Nf3 Bb5 33. Nf2 Be2 34.
Rb1 Bxf3 35. Kxf3 Bxh4 36. Ng4 Be7 37. Nf2 Nc6 38. Nd3 Ra3 39. Ke2 Nd4+ 40. Ke3
Nf5+ 41. Ke2 Ng3+ 42. Ke3 Bg5+ 43. Kf3 Rxd3+ {White resigns} 0-1

[Event "Team 45 45 League T63"]
[Site "Internet Chess Club"]
[Date "2014.12.11"]
[Round "3"]
[White "Andaluz"]
[Black "semperfi"]
[Result "1-0"]
[WhiteElo "1303"]
[BlackElo "1371"]
[Opening "French: Rubinstein variation"]
[ECO "C10"]
[Time "07:00:41"]
[TimeControl "2700+45"]

1. e4 e6 2. d4 d5 3. Nc3 dxe4 4. Nxe4 Nd7 5. Nf3 Ngf6 6. Nxf6+ Nxf6 7. Bd3 c5 8.
O-O b6 9. c3 Bd7 10. Ne5 cxd4 11. Nxd7 Qxd7 12. cxd4 Bd6 13. Qe2 O-O 14. Be3
Rfe8 15. Bb5 Bxh2+ 16. Kxh2 Qd6+ 17. Kg1 Red8 18. Qf3 Nd5 19. Rfd1 Qb4 20. Qe2
Nxe3 21. fxe3 Qd6 22. Rac1 Qg3 23. Qf2 Qxf2+ 24. Kxf2 g5 25. Ba6 f5 26. Rc7 Rf8
27. Rdc1 f4 28. e4 g4 29. Rc8 Raxc8 30. Rxc8 Kg7 31. Rxf8 Kxf8 32. Bc8 Ke7 33.
d5 exd5 34. exd5 Kd6 35. Be6 h5 36. a4 a5 37. Ke2 h4 38. Kf2 Ke5 39. Kg1 g3 40.
Kf1 Kd6 41. Ke2 Ke5 42. Kf3 h3 43. gxh3 g2 44. Kxg2 Ke4 45. h4 f3+ 46. Kf2 Kf4
47. h5 Kg5 48. h6 Kxh6 49. Kxf3 Kg7 50. Ke4 Kf8 51. Kd4 Ke7 52. Kc4 Kd6 53. Kb5
Kc7 54. Bf7 {Black resigns} 1-0

[Event "Team 45 45 League T63"]
[Site "Internet Chess Club"]
[Date "2014.12.11"]
[Round "3"]
[White "bugeyes"]
[Black "parzival"]
[Result "0-1"]
[WhiteElo "1137"]
[BlackElo "904"]
[Opening "Sicilian defense"]
[ECO "B34"]
[Time "18:00:11"]
[TimeControl "2700+45"]

1. e4 c5 2. Nf3 Nc6 3. d4 cxd4 4. Nxd4 g6 5. Bc4 Bg7 6. Be3 Nf6 7. Nd2 Qa5 8.
O-O O-O 9. c3 Qe5 10. f3 Qc7 11. N2b3 b6 {White forfeits on time} 0-1

[Event "Team 45 45 League T63"]
[Site "Internet Chess Club"]
[Date "2014.12.15"]
[Round "3"]
[White "oldbookseller"]
[Black "artspir"]
[Result "0-1"]
[WhiteElo "1058"]
[BlackElo "1207"]
[Opening "Queen's pawn game"]
[ECO "D02"]
[Time "18:00:24"]
[TimeControl "2700+45"]

1. d4 d5 2. Nf3 c6 3. e3 Nf6 4. Bd3 e6 5. Nbd2 Bd6 6. O-O Nbd7 7. e4 Bf4 8. e5
Bxd2 9. Bxd2 Ne4 10. Bb4 a5 11. Ba3 b5 12. c3 Ba6 13. Qe1 b4 14. Qe3 bxa3 15. b3
Nxc3 16. Rfc1 Ne4 17. Rxc6 Bxd3 18. Qxd3 O-O 19. Rcc1 Qe7 20. Qe3 f6 21. g3 Ng5
22. Rc2 Nxf3+ 23. Qxf3 fxe5 24. Qe2 exd4 25. Qd3 e5 26. Qb5 Nf6 27. Rac1 Ne4 28.
Qxd5+ Kh8 29. Qxe4 Qe6 30. f4 d3 31. Qxd3 exf4 32. Qf3 fxg3 33. Qxg3 Qb6+ 34.
Qf2 Qg6+ 35. Kf1 h6 36. Qxf8+ Rxf8+ 37. Rf2 Qd3+ 38. Ke1 Re8+ {White resigns}
0-1